 Dungeon Crawl Stone Soup version 0.32-a0-468-g38b2580584 (webtiles) character file.

Game seed: 5468022684468952933

536 PriceMaster the Magician (level 7, 0/32 HPs)
             Began as a Spriggan Earth Elementalist on Feb 24, 2024.
             Slain by an orc
             ... wielding a +0 flail
              (2 damage)
             ... on level 5 of the Dungeon.
             The game lasted 00:07:04 (4432 turns).

PriceMaster the Magician (SpEE)                     Turns: 4432, Time: 00:07:05

Health: 0/32       AC: 10    Str:  4    XL:     7   Next: 4%
Magic:  16/16      EV:  2    Int: 18    God:
Gold:   158        SH:  0    Dex: 16    Spells: 13/17 levels left

rFire   . . .        t - +1 short sword (drain)
rCold   . . .        e - orb {*Rage}
rNeg    . . .        x - +0 storm dragon scales
rPois   .            (helmet currently unavailable)
rElec   +            (cloak currently unavailable)
rCorr   .            (gloves unavailable)
SInv    +            (boots unavailable)
Will    +....        (no amulet) Stlth
                     (no ring)
HPRegen 0.25/turn    (no ring)
MPRegen 0.15/turn

%: random rage (20%)
@: beast-form, on berserk cooldown, very quick
A: beast (slay +1), very small, no large weapons, unfitting armour, see
invisible, speed 3
a: Begin Untransformation


You were on level 5 of the Dungeon.
You were a hulking beast.
You visited 1 branch of the dungeon, and saw 5 of its levels.

You collected 158 gold pieces.

Inventory:

Hand Weapons
 k - a +0 dagger
 t - a +1 short sword of draining (weapon)
Missiles
 q - a throwing net
Armour
 a - a +0 robe
 e - an orb of wrath (worn)
 x - +0 storm dragon scales (worn)
Magical Staves
 f - a staff of death
Jewellery
 y - an amulet of regeneration
Talismans
 g - a dragon-blood talisman
 s - a beast talisman (active)
Scrolls
 c - 2 scrolls of fog {unknown}
 j - a scroll of blinking {unknown}
 l - 5 scrolls of identify {unknown}
 n - 3 scrolls of revelation {unknown}
 o - a scroll of silence {unknown}
 r - 2 scrolls of enchant armour {unknown}
 v - 4 scrolls of teleportation {unknown}
 w - a scroll of immolation {unknown}
Potions
 b - a potion of magic
 i - a potion of resistance {unknown}
 m - a potion of curing
 p - a potion of brilliance {unknown}
 u - a potion of cancellation {unknown}


   Skills:
 + Level 0.1 Fighting
 + Level 1.6 Short Blades
 + Level 1.2 Armour
 + Level 3.0 Dodging
 + Level 3.1 Stealth
 + Level 5.5 Spellcasting
 * Level 1.9 Conjurations
 * Level 4.5 Earth Magic
 * Level 2.6 Shapeshifting


You had 13 spell levels left.
You knew the following spells:

 Your Spells              Type           Power      Damage    Failure   Level
a - Sandblast             Erth           42%        2d11      100%        1
b - Stone Arrow           Conj/Erth      32%        3d9       100%        3

Your spell library contained the following spells:

 Spells                   Type           Power      Damage    Failure   Level
 Kiss of Death            Conj/Necr      32%        2d7       100%        1
 Shock                    Conj/Air       32%        1d5       100%        1
 Static Discharge         Conj/Air       16%        3-4/arc   100%        2
 Passwall                 Erth           21%        N/A       100%        3
 Tukima's Dance           Hex            4%         N/A       100%        3
 Airstrike                Air            2%         2d(1-17)  100%        4
 Brom's Barrelling Bould  Conj/Erth      16%        2d4       100%        4
 Dimensional Bullseye     Hex/Tloc       2%         N/A       100%        4
 Flame Wave               Conj/Fire      8%         2d5       100%        4
 Iskenderun's Mystic Bla  Conj/Tloc      8%         2d4       100%        4
 Petrify                  Alch/Erth      13%        N/A       100%        4
 Summon Lightning Spire   Summ/Air       4%         N/A       100%        4
 Bombard                  Conj/Erth      8%         9d2       100%        6
 Disjunction              Tloc           2%         N/A       100%        8


Dungeon Overview and Level Annotations

Branches:
Dungeon (5/15)
 Temple: D:4-7

Altars:
Zin
The Shining One


Innate Abilities, Weirdness & Mutations

You are a hulking beast.
Your limbs bulge with bestial killing power. (Slay +1)
You are very small and have problems with some larger weapons.
You are too small for most types of armour.
You have supernaturally acute eyesight. (SInv)
You cover ground extremely quickly. (Speed+++)


Message History

The orc wizard zaps a wand.
You resist with almost no effort.
You closely miss the orc wizard.
The orc wizard is severely wounded.
You hit the orc wizard. You drain the orc wizard.
You kill the orc wizard!
You hit the orc wizard. You drain the orc wizard.
The orc wizard is almost dead.
The orc wizard hits you but does no damage.
The orc wizard hits you with a +0 dagger.
Items here: ) / [ †.
You hit the orc wizard.
You kill the orc wizard!
The orc wizard hits you with a +0 dagger.
The orc hits you but does no damage.
Your Armour skill increases to level 1!
Things that are here:
a +0 dagger; a +0 robe You hit the orc.
You kill the orc!
Your magical contamination has completely faded away.
You have reached level 7!
You barely miss the orc wizard.
The orc wizard is heavily wounded.
The orc wizard hits you but does no damage.
The orc hits you with a +0 war axe.
* * * LOW HITPOINT WARNING * * *
You hit the orc wizard. You drain the orc wizard.
You kill the orc wizard!
The orc hits you with a +0 war axe.
* * * LOW HITPOINT WARNING * * *
It was a potion of curing.
You feel better. The orc hits you with a +0 war axe.
* * * LOW HITPOINT WARNING * * *
You barely miss the orc.
The orc is lightly wounded.
The orc hits you with a +0 flail.
* * * LOW HITPOINT WARNING * * *
The orc hits you with a +0 war axe.
* * * LOW HITPOINT WARNING * * *
The orc hits you with a +0 flail.
You die...

#~.............# ..
#~###~.............### #.
#~~~~~..)............######.
#####.oo................)##.
#..##....(.........(.....
...## ##.......##..........
... ###..#######........ ..
###oo# #......... . #..ho#
##........ #...## #.......^
#_..# #........ #####
#........ #........
......... ........ ........
.......


You could see 3 orcs.

Vanquished Creatures
  A steam dragon (D:5)
  A black bear (D:5)
  A scorpion (D:4)
  4 orc wizards (D:5)
  Robin (D:4)
  4 gnolls (D:2)
  An adder (D:3)
  2 dart slugs (D:4)
  9 orcs
  8 ball pythons
  6 endoplasms
  2 giant cockroaches
  15 hobgoblins
  7 kobolds
  4 quokkas
  6 bats
  2 frilled lizards
  12 goblins
  6 rats
92 creatures vanquished.

Vanquished Creatures (others)
  An orc (D:5)
1 creature vanquished.

Grand Total: 93 creatures vanquished

Notes
Turn   | Place    | Note
-------+----------+-------------------------------------------
     0 | D:1      | PriceMaster the Spriggan Earth Elementalist began the quest
                  | for the Orb.
     0 | D:1      | Reached XP level 1. HP: 9/9 MP: 5/5
   161 | D:1      | Reached skill level 3 in Spellcasting
   323 | D:1      | Reached XP level 2. HP: 13/13 MP: 5/7
   431 | D:1      | Got the Folio of Movement and Damage
  1297 | D:2      | Reached skill level 1 in Conjurations
  1297 | D:2      | Reached XP level 3. HP: 13/16 MP: 5/9
  1300 | D:2      | Reached skill level 1 in Short Blades
  1305 | D:2      | Reached skill level 1 in Shapeshifting
  1313 | D:2      | Reached XP level 4. HP: 21/21 MP: 3/10
  1878 | D:3      | Found a faded altar of an unknown god.
  1888 | D:3      | Learned a level 3 spell: Stone Arrow
  1945 | D:3      | Reached skill level 4 in Spellcasting
  2734 | D:4      | Noticed a scorpion
  2763 | D:4      | Killed a scorpion
  2764 | D:4      | Reached XP level 5. HP: 24/24 MP: 2/13
  2904 | D:4      | Noticed Robin
  2927 | D:4      | Killed Robin
  2928 | D:4      | Reached skill level 5 in Spellcasting
  3291 | D:4      | Found a glowing silver altar of Zin.
  4124 | D:5      | Entered Level 5 of the Dungeon
  4273 | D:5      | Noticed a black bear
  4286 | D:5      | Killed a black bear
  4287 | D:5      | Reached XP level 6. HP: 11/28 MP: 12/14
  4371 | D:5      | Noticed a steam dragon
  4379 | D:5      | Killed a steam dragon
  4417 | D:5      | Found a glowing golden altar of the Shining One.
  4427 | D:5      | Reached skill level 1 in Armour
  4429 | D:5      | Reached XP level 7. HP: 14/32 MP: 16/16
  4432 | D:5      | Slain by an orc

Illustrated notes

Levels and vault maps discovered:
D:1:      dpeg_arrival_long_road, layout_basic
D:2:      layout_loops_cross
D:3:      layout_basic, serial_rivers, chequers_serial_rivers_micro_d,
          chequers_serial_rivers_small_b, chequers_serial_rivers_marsh,
          chequers_serial_rivers_micro_e, basic_ecumenical_altar,
          kennysheep_nondescript, minmay_unequal
D:4:      layout_basic, zin_academy, uniq_robin
D:5:      layout_cave_pods, nicolae_overflow_quartered_altars,
          kennysheep_mini_moat, minmay_misc_feat_diagonals,
          amcnicky_mini_pool_small, minivault_14

Skill      XL: |  1  2  3  4  5  6 |
---------------+-------------------+-----
Spellcasting   | 3 4 5 |  5.5
Earth Magic    | 3 4 |  4.5
Conjurations   | 1 |  1.9
Short Blades   | 1 |  1.6
Shapeshifting  | 1 2 |  2.6
Dodging        | 3 |  3.0
Armour         | 1 |  1.2
Fighting       | |  0.1
Stealth        | |  3.1

Action                     |  1- 3 |  4- 6 |  7- 9 || total
---------------------------+-------+-------+-------++-------
  Melee: Unarmed           |     3 |       |       ||     3
         Dagger            |    17 |     6 |       ||    23
         Short sword       |       |    53 |     3 ||    56
   Cast: Sandblast         |    35 |    44 |       ||    79
         Stone Arrow       |       |    13 |       ||    13
    Use: Potion            |       |     2 |     1 ||     3
   Stab: Sleeping          |       |     1 |       ||     1
         Invisible         |       |     1 |       ||     1
 Armour: Robe              |     6 |     5 |       ||    11
         Storm dragon scal |       |    81 |     7 ||    88
  Dodge: Dodged            |    29 |    19 |       ||    48
   Form: Beast             |       |     2 |       ||     2
         Dragon            |       |     1 |       ||     1

Table legend: (Time is in decaauts)
 A = Elapsed time spent in this place.
 B = Non-inter-level travel time spent in this place.
 C = Inter-level travel time spent in this place.
 D = Time resting spent in this place.
 E = Time spent auto-exploring this place.
 F = Levels seen in this place.
 G = Mean time per level.
                   A        B        C        D        E       F      G
               +--------+--------+--------+--------+--------+-----+--------+
         Total |   3425 |   3367 |     58 |    558 |   2292 |   5 |  685.0 |
       Dungeon |   3425 |   3367 |     58 |    558 |   2292 |   5 |  685.0 |
               +--------+--------+--------+--------+--------+-----+--------+

Top non-repeatable levels by time:
     D:4: 1103 daAuts
     D:1: 929 daAuts
     D:3: 638 daAuts
     D:2: 488 daAuts
     D:5: 265 daAuts
